 Dungeon Crawl Stone Soup version 0.24.0-13-gcf9b319 (webtiles) character file.

Game seed: 2472477848807484802, levelgen mode: deterministic

84991 Bronimir the Carver (level 15, -3/126 HPs)
             Began as a Demonspawn Abyssal Knight on Apr 3, 2020.
             Was the Champion of Lugonu.
             Shot with an arrow by a deep elf archer (22 damage)
             ... on level 1 of the Elven Halls.
             The game lasted 01:06:26 (28433 turns).

Bronimir the Carver (Demonspawn Abyssal Knight)    Turns: 28433, Time: 01:06:27

Health: -3/126     AC: 18    Str: 24    XL:     15   Next: 36%
Magic:  23/23      EV: 15    Int: 13    God:    Lugonu [******]
Gold:   109        SH: 14    Dex: 18    Spells: 2/21 levels left

rFire    + . .     SeeInvis +   a - +6 falchion (flame)
rCold    . . .     Gourm    .   Z - +2 shield
rNeg     . . .     Faith    .   H - +4 ring mail {rF+}
rPois    .         Spirit   .   U - +0 helmet
rElec    .         Reflect  .   p - +0 cloak
rCorr    +         Harm     .   S - +0 pair of gloves "Sarion" {rCorr Dex+3}
MR       +....                  (boots unavailable)
Stlth    +.........             j - amulet "Ubomajo" {+Blink +Rage Dex+3}
HPRegen  1.71/turn              T - ring of Pegoel {Str+4 Stlth-}
MPRegen  0.18/turn              J - ring of see invisible

@: no status effects
A: talons 3, rugged brown scales 3, clumsy 1, powered by death 2, regeneration
1, spiny 3, strong 1, subdued magic 1
a: Depart the Abyss, Bend Space, Banish, Corrupt, Enter the Abyss, Brand Weapon
With Distortion, Renounce Religion, Evoke Blink, Evoke Berserk Rage


You were on level 1 of the Elven Halls.
You worshipped Lugonu.
Lugonu was exalted by your worship.
You were not hungry.

You visited 4 branches of the dungeon, and saw 24 of its levels.
You visited the Abyss 1 time.
You also visited: Sewer.

You collected 2317 gold pieces.
You spent 2208 gold pieces at shops.

Inventory:

Hand Weapons
 a - a +6 falchion of flaming (weapon)
 b - a +0 hand crossbow
 g - a +0 shortbow
 l - a +0 longbow
 m - a +0 great sword of slicing
 y - a +1 hunting sling of velocity
 V - a +0 falchion of electrocution
 W - a +2 great sword of draining
Missiles
 e - 613 stones
 f - 185 bolts
 i - 413 arrows
 w - 54 poisoned darts (quivered)
 P - 65 sling bullets
Armour
 h - a +0 large shield
 p - a +0 cloak (worn)
 H - a +4 ring mail of fire resistance (worn)
 S - the +0 pair of gloves "Sarion" (worn) {rCorr Dex+3}
   (You bought it in a shop on level 2 of the Orcish Mines)

   It affects your dexterity (+3).
   It provides partial protection from all sources of acid and corrosion.
 U - a +0 helmet (worn)
 Z - a +2 shield (worn)
Jewellery
 j - the amulet "Ubomajo" (around neck) {+Blink +Rage Dex+3}
   (You found it on level 3 of the Lair of Beasts)

   [amulet of rage]

   It affects your dexterity (+3).
   It lets you blink.
   It lets you go berserk.
 J - a ring of see invisible (right hand)
 M - an uncursed amulet of regeneration
 N - an uncursed ring of see invisible
 T - the ring of Pegoel (left hand) {Str+4 Stlth-}
   (You bought it in a shop on level 2 of the Orcish Mines)

   [ring of attention]

   It affects your strength (+4).
   It makes you less stealthy.
Wands
 s - a wand of paralysis (11)
 v - a wand of clouds (5)
 z - a wand of acid (10)
 E - a wand of flame (52)
 G - a wand of iceblast (19)
 X - a wand of digging (2)
Scrolls
 d - 6 scrolls of identify
 k - 3 scrolls of remove curse
 n - a scroll of amnesia
 r - a scroll of magic mapping
 t - a scroll of immolation
 u - 2 scrolls of blinking
 x - 4 scrolls of fog
 C - 2 scrolls of teleportation
Potions
 q - 4 potions of curing
 A - a potion of resistance
 B - 2 potions of brilliance
 D - a potion of haste
 Q - a potion of mutation
Miscellaneous
 Y - a sack of spiders
Comestibles
 c - 26 rations


   Skills:
 * Level 11.0 Fighting
 * Level 13.2 Long Blades
 + Level 4.2 Slings
 + Level 1.5 Crossbows
 + Level 0.2(2.6) Throwing
 + Level 8.5 Armour
 + Level 7.5 Dodging
 - Level 2.1 Stealth
 * Level 7.5 Shields
 + Level 3.9 Spellcasting
 * Level 5.2 Hexes
 * Level 3.4 Summonings
 + Level 6.1 Necromancy
 + Level 11.6 Invocations
 * Level 6.9 Evocations


You had 2 spell levels left.
You knew the following spells:

 Your Spells              Type           Power        Failure   Level  Hunger
a - Confusing Touch       Hex            ##....       8%          1    None
b - Animate Skeleton      Necr           N/A          4%          1    None
c - Summon Ice Beast      Ice/Summ       #.......     98%         4    ####...
d - Call Imp              Summ           #.......     24%         2    ##.....
e - Slow                  Hex            ##......     12%         2    ##.....
f - Cause Fear            Hex            ##........   63%         4    ####...
g - Silence               Hex/Air        #.........   100%        5    ######.

Your spell library contained the following spells:

 Spells                   Type           Power        Failure   Level  Hunger
 Summon Small Mammal      Summ           #...         16%         1    None
 Apportation              Tloc           #.....       58%         1    None
 Freeze                   Ice            #...         58%         1    None
 Magic Dart               Conj           #...         58%         1    None
 Blink                    Tloc           N/A          73%         2    ##.....
 Throw Frost              Conj/Ice       #.....       73%         2    ##.....
 Confuse                  Hex            ##......     24%         3    ###....
 Conjure Flame            Conj/Fire      #.......     92%         3    ###....
 Gell's Gravitas          Tloc           #.........   92%         3    ###....
 Mephitic Cloud           Conj/Pois/Air  #.......     92%         3    ###....
 Ozocubu's Armour         Chrm/Ice       #.......     92%         3    ###....
 Petrify                  Tmut/Erth      #.......     100%        4    ####...
 Throw Icicle             Conj/Ice       #.......     100%        4    ####...
 Metabolic Englaciation   Hex/Ice        #.........   100%        5    ######.
 Yara's Violent Unravell  Hex/Tmut       #.........   100%        5    ######.
 Deflect Missiles         Chrm/Air       #.........   100%        6    #######
 Discord                  Hex            ##........   100%        8    #######


Dungeon Overview and Level Annotations

Branches:
Dungeon (15/15)            Temple (0/1) D:5            Lair (6/6) D:10
 Spider (0/4) Lair:4        Slime (0/5) Lair:6          Orc (2/2) D:11
    Elf (1/3) Orc:2        Vaults (0/5) D:14         Depths (0/5) D:15
  Sewer (visited)
  Swamp: Lair:2-4    Shoals: Lair:2-4

Altars:
Ashenzari
Dithmenos
Elyvilon
Kikubaaqudgha
Makhleb
Qazlal
Vehumet
Beogh

Shops:
D:10 !   D:14 ::**   Orc:2 *([=

Portals:
Trove: D:10 (give 15 potions of curing)

Annotations:
D:4 Edmund
D:11 exclusion: obsidian statue
Lair:5 2 transporters, lake5's ghost, journeyman MiGl
Abyss:1 Crazy Yiuf, Harold, Rupert


Innate Abilities, Weirdness & Mutations

You have claws for feet.
You are completely covered in rugged brown scales. (AC +3, +7% HP)
You regenerate health from kills.
You are completely covered in sharp spines.
You are clumsy. (Dex -2)
Your natural rate of healing is unusually fast.
Your muscles are strong. (Str +2)
Your spells are a little easier to cast, but a little less powerful.


Message History

The +1 battleaxe of electrocution is struck by your spines.
The +1 battleaxe of electrocution hits you.
* * * LOW HITPOINT WARNING * * *
You hit the +1 battleaxe of electrocution but do no damage.
You claw the +1 battleaxe of electrocution, but do no damage.
The +1 battleaxe of electrocution is severely damaged.
You closely miss the +1 battleaxe of electrocution.
The +1 battleaxe of electrocution is severely damaged.
The deep elf archer shoots an arrow.
You block the arrow.
The +1 battleaxe of electrocution is struck by your spines.
The +1 battleaxe of electrocution hits you but does no damage.
You are electrocuted!!
* * * LOW HITPOINT WARNING * * *
Press: ? - help, Shift-Dir - straight line, f - deep elf archer
Aim: a deep elf archer, wielding a +0 shortbow and wearing a +0 leather armour (repelling missiles, chance to defeat MR: 41%)
Okay, then.
Okay, then.
Okay, then.
You feel better.
The deep elf archer shoots an arrow.
The arrow hits you!!
You die...

#.# ####.#### #e#
#....[§E§ #.#
#?..##§§§ #.#
#...##§#§ #.#
#####...##.#. #.#
#...........$ #.#
#...........# #)#
#............ #@#
#.###...###ee
####(####☼###...# #..
#.....).#........ ...
##.......##)#########.
#....(....#.# .
##.........#.#
#)...........#
#............#
#..<.........#


You could see a deep elf archer and a +1 battleaxe of electrocution.

Vanquished Creatures
  An ironheart preserver (D:14)
  A deep elf annihilator (Elf:1)
  Snorg (D:10)
  Josephine (Lair:6)
  8 hydras
  2 centaur warriors
  3 dancing weapons (Elf:1)
  3 two-headed ogres
  7 death yaks
  An ogre mage (D:14)
  4 tengu warriors (D:14)
  A deep troll (D:14)
  An orc knight (Orc:2)
  2 deep elf archers
  A wolf spider (D:14)
  4 deep elf magi (Elf:1)
  An ugly thing (D:10)
  A manticore (D:14)
  2 cyclopes
  A faun (shapeshifter) (D:15)
  A centaur zombie (D:12)
  4 elephants (Lair:4)
  5 black mambas
  A torpor snail (Lair:5)
  20 spiny frogs
  2 rime drakes
  An efreet (D:14)
  3 komodo dragons
  A kobold demonologist (D:14)
  A redback zombie (D:13)
  A tengu conjurer (D:14)
  8 trolls
  A polar bear (Lair:2)
  4 tyrant leeches (Lair:6)
  A jumping spider (Lair:4)
  4 slime creatures
  13 hippogriffs
  22 blink frogs
  6 dream sheep
  A centaur simulacrum (D:14)
  A shadow (D:15)
  3 redbacks (Lair:4)
  2 air elementals (Elf:1)
  8 wraiths
  41 yaks
  A spriggan (Lair:2)
  3 wyverns
  4 hungry ghosts
  9 vampire mosquitoes
  A steam dragon (D:11)
  Grum (D:9)
  2 acid dragons
  2 wargs
  2 soldier ants (Lair:3)
  9 porcupines
  12 water moccasins
  Purgy (Sewer)
  3 ice beasts
  32 orc warriors
  3 eyes of draining
  15 ogres
  A hornet zombie (D:8)
  3 black bears
  A phantom (D:8)
  A sky beast (D:5)
  12 wolves
  5 centaurs
  15 crocodiles
  6 big kobolds
  25 bullfrogs
  2 wyvern skeletons
  3 scorpions
  4 killer bees (D:11)
  An electric eel (Lair:6)
  7 crimson imps
  A bullfrog zombie (D:9)
  2 quasits
  9 hounds
  7 jellies
  30 orc wizards
  4 bullfrog skeletons
  21 orc priests
  3 centaur skeletons
  5 iguanas
  A hell rat (D:10)
  15 worker ants
  A hound zombie (D:5)
  2 hound skeletons
  3 gnolls (D:6)
  A howler monkey skeleton (D:6)
  A river rat (D:10)
  12 adders
  3 shadow imps
  2 adder zombies
  4 worms
  4 leopard geckos
  110 orcs
  12 giant cockroaches
  10 goblins
  12 hobgoblins
  8 jackals
  19 kobolds
  4 quokkas
  5 ball pythons
  9 bats
  7 frilled lizards
  A leopard gecko skeleton (D:4)
  10 rats
  A butterfly (Lair:4)
  A fungus (D:7)
727 creatures vanquished.

Vanquished Creatures (others)
  An orc warlord (Orc:2)
  A stone giant (Orc:2)
  3 hydras
  A death yak (D:10)
  A two-headed ogre (D:14)
  A queen ant (Lair:3)
  An orc high priest (Orc:2)
  An ugly thing (D:10)
  A wolf spider (Lair:4)
  An orc sorcerer (Orc:2)
  A cyclops (D:12)
  A gargoyle (D:10)
  2 slime creatures (D:15)
  A vampire mosquito (Lair:6)
  3 soldier ants (Lair:3)
  An orc warrior (Orc:2)
  A jelly (D:15)
  13 fungi
  26 plants
61 creatures vanquished.

Grand Total: 788 creatures vanquished

Notes
Turn   | Place    | Note
-------+----------+-------------------------------------------
     0 | Abyss:1  | Bronimir the Demonspawn Abyssal Knight began the quest for
                  | the Orb.
     0 | Abyss:1  | Reached XP level 1. HP: 18/18 MP: 2/2
     1 | Abyss:1  | Found a burning altar of Makhleb.
    17 | Abyss:1  | Found a burning altar of Makhleb.
    31 | D:1      | Escaped the Abyss
    62 | D:1      | Reached * piety under Lugonu
   139 | D:1      | Gained mutation: You are partially covered in rugged brown
                  | scales. (AC +1, +3% HP) [demonic ancestry]
   139 | D:1      | Reached XP level 2. HP: 13/24 MP: 3/3
   446 | D:1      | Reached skill level 2 in Long Blades
  1002 | D:2      | Gained mutation: You are partially covered in sharp spines.
                  | [demonic ancestry]
  1002 | D:2      | Reached XP level 3. HP: 10/29 MP: 3/5
  1430 | D:2      | Found a white marble altar of Elyvilon.
  2165 | D:2      | Reached skill level 1 in Slings
  2688 | D:3      | Reached ** piety under Lugonu
  2724 | D:3      | Reached XP level 4. HP: 38/38 MP: 6/6
  3462 | D:3      | Found a burning altar of Makhleb.
  3462 | D:3      | Found a radiant altar of Vehumet.
  3480 | D:3      | Reached skill level 1 in Dodging
  3480 | D:3      | Gained mutation: You are mostly covered in rugged brown
                  | scales. (AC +2, +5% HP) [demonic ancestry]
  3480 | D:3      | Reached XP level 5. HP: 27/44 MP: 7/7
  3750 | D:4      | Noticed Edmund
  3771 | D:5      | Entered Level 5 of the Dungeon
  3789 | D:5      | Gained mutation: You are completely covered in rugged brown
                  | scales. (AC +3, +7% HP) [demonic ancestry]
  3789 | D:5      | Reached XP level 6. HP: 20/51 MP: 7/9
  4004 | D:5      | Noticed an ice beast
  4037 | D:5      | Killed an ice beast
  4037 | D:5      | Reached skill level 3 in Long Blades
  4301 | D:5      | Gained mutation: You regenerate a little health from kills.
                  | [demonic ancestry]
  4301 | D:5      | Reached XP level 7. HP: 38/57 MP: 10/10
  4416 | D:5      | Reached *** piety under Lugonu
  4487 | D:5      | Reached skill level 5 in Invocations
  4595 | D:5      | Reached skill level 4 in Long Blades
  4739 | D:5      | Gained mutation: You have sharp toenails. [demonic
                  | ancestry]
  4739 | D:5      | Reached XP level 8. HP: 28/65 MP: 12/12
  4958 | D:5      | Reached skill level 5 in Long Blades
  5068 | D:5      | Found a staircase to the Ecumenical Temple.
  5344 | D:6      | Reached **** piety under Lugonu
  5344 | D:6      | Reached skill level 5 in Fighting
  5344 | D:6      | Reached skill level 5 in Armour
  5546 | D:6      | Found an ancient bone altar of Kikubaaqudgha.
  5631 | D:6      | Reached skill level 6 in Long Blades
  5715 | D:6      | Found a stormy altar of Qazlal.
  5762 | D:6      | Found a glowing drain.
  5774 | Sewer    | Entered a sewer
  5794 | Sewer    | Noticed Purgy
  5806 | Sewer    | Killed Purgy
  5806 | Sewer    | Gained mutation: You have razor-sharp toenails. [demonic
                  | ancestry]
  5806 | Sewer    | Reached XP level 9. HP: 65/72 MP: 13/13
  6445 | D:7      | Found a shattered altar of Ashenzari.
  6613 | D:7      | Noticed Harold
  6622 | D:7      | HP: 2/72 [Harold/+0 scimitar (18)]
  6623 | D:7      | Banished Harold
  6623 | D:7      | Reached skill level 7 in Long Blades
  7695 | D:7      | Found a runed translucent door.
  7696 | D:7      | Noticed Crazy Yiuf
  7700 | D:7      | Banished Crazy Yiuf
  8237 | D:8      | Reached skill level 8 in Long Blades
  8255 | D:8      | Gained mutation: You regenerate health from kills. [demonic
                  | ancestry]
  8255 | D:8      | Reached XP level 10. HP: 51/81 MP: 15/15
  8848 | D:9      | Reached skill level 1 in Stealth
  9719 | D:9      | Noticed a five-headed hydra
  9723 | D:9      | Banished a five-headed hydra
 10029 | D:9      | Reached skill level 9 in Long Blades
 10045 | D:9      | Reached skill level 1 in Evocations
 10220 | D:9      | Noticed a two-headed hydra
 10223 | D:9      | Killed a one-headed hydra
 10352 | D:9      | Noticed Grum
 10360 | D:9      | Killed Grum
 10440 | D:10     | Entered Level 10 of the Dungeon
 10529 | D:10     | Reached XP level 11. HP: 77/89 MP: 17/17
 10543 | D:10     | Found a portal to a secret trove of treasure.
 10576 | D:10     | Found Jyloal's Distillery.
 10616 | D:10     | Noticed a death yak
 10617 | D:10     | Found a staircase to the Lair.
 10617 | D:10     | Noticed a death yak
 10617 | D:10     | Noticed a death yak
 10617 | D:10     | Noticed Snorg
 10661 | D:10     | Banished a death yak
 10678 | D:10     | Noticed a cyan ugly thing
 11095 | D:10     | Killed a death yak
 11095 | D:10     | Reached skill level 10 in Long Blades
 11101 | D:10     | Gained mutation: You have claws for feet. [potion of
                  | mutation]
 11101 | D:10     | Gained mutation: Your mind is acute. (Int +2) [potion of
                  | mutation]
 11101 | D:10     | Gained mutation: Your flesh is heat resistant. (rF+)
                  | [potion of mutation]
 11110 | D:10     | Killed a death yak
 11223 | D:10     | Killed Snorg
 11361 | D:10     | Bought a potion of heal wounds for 70 gold pieces
 11361 | D:10     | Bought a potion of degeneration for 14 gold pieces
 11454 | D:10     | Banished a cyan ugly thing
 11483 | Lair:1   | Entered Level 1 of the Lair of Beasts
 11595 | Lair:1   | Noticed an eight-headed hydra
 11601 | Lair:1   | Banished a six-headed hydra
 12049 | Lair:1   | Reached skill level 10 in Invocations
 12574 | Lair:2   | Learned a level 1 spell: Confusing Touch
 12576 | Lair:2   | Learned a level 1 spell: Animate Skeleton
 12581 | Lair:2   | Learned a level 4 spell: Summon Ice Beast
 12657 | Lair:2   | Gained mutation: You are mostly covered in sharp spines.
                  | [demonic ancestry]
 12657 | Lair:2   | Reached XP level 12. HP: 63/100 MP: 19/19
 12661 | Lair:2   | Reached skill level 1 in Shields
 13239 | Lair:2   | Reached skill level 11 in Long Blades
 13415 | Lair:3   | Reached skill level 1 in Hexes
 13699 | Lair:3   | Noticed a seven-headed hydra
 13706 | Lair:3   | Killed a two-headed hydra
 13706 | Lair:3   | Reached skill level 1 in Necromancy
 13737 | Lair:3   | Noticed a queen ant
 13750 | Lair:3   | Banished a queen ant
 13750 | Lair:3   | Reached skill level 5 in Dodging
 13771 | Lair:3   | Got an ancient platinum amulet
 13935 | Lair:3   | Identified the amulet "Ubomajo" {+Blink +Rage Dex+3} (You
                  | found it on level 3 of the Lair of Beasts)
 14588 | Lair:4   | Noticed a seven-headed hydra
 14595 | Lair:4   | Banished a six-headed hydra
 14595 | Lair:4   | Reached skill level 1 in Spellcasting
 15078 | Lair:4   | Reached skill level 5 in Evocations
 15417 | Lair:4   | Found a hole to the Spider Nest.
 15433 | Lair:4   | HP: 5/100 [poisoned by a wolf spider]
 16313 | Lair:5   | Noticed a death yak
 16315 | Lair:5   | Noticed a death yak
 16317 | Lair:5   | Noticed a death yak
 16346 | Lair:4   | Killed a death yak
 16346 | Lair:4   | Gained mutation: You are completely covered in sharp
                  | spines. [demonic ancestry]
 16346 | Lair:4   | Reached XP level 13. HP: 73/107 MP: 21/21
 17753 | Lair:5   | Noticed Rupert
 17760 | Lair:5   | Banished Rupert
 18129 | Lair:5   | Found a transporter.
 18150 | Lair:5   | Noticed lake5's ghost (journeyman MiGl)
 18321 | Lair:5   | Found a transporter.
 18410 | Lair:6   | Entered Level 6 of the Lair of Beasts
 18455 | Lair:6   | Reached skill level 12 in Long Blades
 18467 | Lair:6   | Reached ***** piety under Lugonu
 19601 | Lair:6   | Reached skill level 5 in Shields
 19605 | Lair:6   | Found a staircase to the Slime Pits.
 19692 | Lair:6   | Reached skill level 5 in Necromancy
 19701 | Lair:6   | Noticed Josephine
 20376 | Lair:6   | Killed Josephine
 20528 | Lair:6   | Mutation became permanent: You have razor-sharp toenails.
                  | [demonic ancestry]
 20528 | Lair:6   | Gained mutation: You have claws for feet. [demonic
                  | ancestry]
 20528 | Lair:6   | Reached XP level 14. HP: 54/116 MP: 22/22
 21502 | Lair:6   | Reached skill level 10 in Fighting
 22562 | D:11     | Found a staircase to the Orcish Mines.
 22959 | Orc:1    | Entered Level 1 of the Orcish Mines
 22980 | Orc:1    | Found a roughly hewn altar of Beogh.
 23190 | Orc:2    | Entered Level 2 of the Orcish Mines
 23195 | Orc:2    | Noticed a stone giant
 23207 | Orc:2    | Banished a stone giant
 23373 | Orc:2    | Found a staircase to the Elven Halls.
 23589 | Orc:2    | Noticed an orc warlord
 23609 | Orc:2    | Banished an orc warlord
 23720 | Orc:2    | Found Lytzuprebb's Antique Armour Emporium.
 23724 | Orc:2    | Found a roughly hewn altar of Beogh.
 23725 | Orc:2    | Found Fera's Antique Weapon Shoppe.
 23736 | Orc:2    | Bought a scorched scale mail for 252 gold pieces
 23746 | Orc:2    | Identified the +3 scale mail of Ohorr {rC+ Str-4 Int+5}
                  | (You bought it in a shop on level 2 of the Orcish Mines)
 23756 | Orc:2    | Bought a pair of heavily runed gloves for 266 gold pieces
 23761 | Orc:2    | Identified the +0 pair of gloves "Sarion" {rCorr Dex+3}
                  | (You bought it in a shop on level 2 of the Orcish Mines)
 23887 | Orc:2    | Found a roughly hewn altar of Beogh.
 23905 | Orc:2    | Found Hepnuc's Jewellery Shop.
 23914 | Orc:2    | Bought the ring of Pegoel {Str+4 Stlth-} for 366 gold
                  | pieces
 23943 | Orc:2    | Found a roughly hewn altar of Beogh.
 24055 | Orc:2    | Found a roughly hewn altar of Beogh.
 24221 | Orc:2    | Found a roughly hewn altar of Beogh.
 24250 | Orc:2    | Found a roughly hewn altar of Beogh.
 24276 | Orc:2    | Found a roughly hewn altar of Beogh.
 24277 | Orc:2    | Found Cyxzoedgh's Assorted Antiques.
 24281 | Orc:2    | Reached skill level 1 in Summonings
 24334 | Orc:2    | Bought a sack of spiders for 540 gold pieces
 24615 | D:12     | Reached ****** piety under Lugonu
 25017 | Lair:1   | Lost mutation: Your flesh is heat resistant. (rF+) [potion
                  | of mutation]
 25017 | Lair:1   | Lost mutation: Your mind is acute. (Int +2) [potion of
                  | mutation]
 25017 | Lair:1   | Gained mutation: Your spells are a little easier to cast,
                  | but a little less powerful. [potion of mutation]
 25017 | Lair:1   | Gained mutation: Your natural rate of healing is unusually
                  | fast. [potion of mutation]
 25017 | Lair:1   | Gained mutation: You are clumsy. (Dex -2) [potion of
                  | mutation]
 25017 | Lair:1   | Gained mutation: Your muscles are strong. (Str +2) [potion
                  | of mutation]
 25760 | D:12     | Learned a level 2 spell: Call Imp
 25990 | D:14     | Reached skill level 1 in Crossbows
 26137 | D:14     | Got a pair of fine gloves
 26148 | D:14     | Identified the cursed +0 pair of gloves of the Forsaken
                  | Nights {+Fly Int+2} (You found it on level 14 of the
                  | Dungeon)
 26228 | D:14     | Found Pamoximp's General Store.
 26444 | D:14     | Found Nararr's Book Shop.
 26449 | D:14     | Bought a book of Enchantments for 700 gold pieces
 26452 | D:14     | Learned a level 2 spell: Slow
 26457 | D:14     | Learned a level 4 spell: Cause Fear
 26463 | D:14     | Learned a level 5 spell: Silence
 26549 | D:14     | Found a gate to the Vaults.
 26549 | D:14     | Noticed an ironheart preserver
 26567 | D:14     | Killed an ironheart preserver
 26567 | D:14     | Reached skill level 13 in Long Blades
 26717 | D:14     | Found a shadowy altar of Dithmenos.
 26734 | D:14     | Found Mubaugerph's Assorted Antiques.
 26823 | D:14     | Found Lunoamn's Book Shop.
 26880 | D:15     | Entered Level 15 of the Dungeon
 26903 | D:14     | Reached XP level 15. HP: 42/125 MP: 11/23
 27590 | D:15     | Found a staircase to the Depths.
 27742 | D:15     | Reached skill level 5 in Hexes
 28165 | Elf:1    | Entered Level 1 of the Elven Halls
 28433 | Elf:1    | Shot with an arrow by a deep elf archer

Levels and vault maps discovered:
D:1:      psy_arrival_whirlpool, layout_loops_ring, st_stairs_1
D:2:      layout_basic, elyvilon_altar_3, first_ration, minmay_liquid_box
D:3:      layout_loops_ring, grunt_temple_overflow_lords_of_destruction
D:4:      layout_basic, okawaru_trees_1, gammafunk_ghost_split, serial_forest,
          infiniplex_forest_clump_small, infiniplex_forest_lined_2,
          infiniplex_forest_straight_1, infiniplex_forest_lined_room_2,
          infiniplex_forest_lined_3, infiniplex_forest_straight_3,
          infiniplex_forest_lined_2, hangedman_abyss_or_decor_passed,
          minmay_gold_behind_fungi, minmay_ruined_shrine, uniq_pikel,
          uniq_edmund
D:5:      minmay_bubble_buster, layout_basic, minmay_temple_entry_crystal_x
D:6:      layout_rooms, lemuel_round_altar, kennysheep_mini_moat,
          portal_sewer_entry_f
D:7:      layout_loops_ring, cheibrodos_ashenzari_chains, minmay_misc_feat_x,
          uniq_harold, uniq_crazy_yiuf_cottage
D:8:      layout_loops_cross
D:9:      layout_loops_corners, hangedman_ranch [blue_anna_fruit_fields],
          grunt_ministairs_6, kennysheep_just_a_vault, uniq_grum
D:10:     layout_loops_cross, dpeg_lair_monsters, enter_trove_1, serial_shops,
          nicolae_shop_stone, uniq_snorg
D:11:     layout_rooms, erik_orc_4, minivault_16, laboratory
D:12:     layout_long_grid
D:13:     minmay_weird_star, layout_rooms, gauntlet_entry_generic, uniq_urug
D:14:     layout_loops_ring, skrybe_vaults_entry_preservation, minmay_holes,
          serial_shops, kennysheep_little_box, kennysheep_mini, shop_fountains,
          nicolae_shop_behind_doors, grunt_dithmenos_smoke
D:15:     hangedman_depths_entry_civil_slaughter, layout_small_grid
Lair:1:   layout_hall_layers, minivault_26, infiniplex_staircase_pool_2
Lair:2:   layout_regular_city, forest_entry_grove, lemuel_fruit_fields
Lair:3:   layout_gridlike, palyth_hydra_swamp_entry, enter_volcano_1,
          wad_woods_antlair
Lair:4:   layout_roguey, spider_nest_entry_funnel_web, lemuel_fruit_fields,
          grunt_megastairs_4
Lair:5:   layout_loops_ring, gammafunk_ghost_berserking_beasts, uniq_rupert
Lair:6:   minmay_lair_end_frog_pond, layout_regular_city,
          minmay_slime_entry_pillars, uniq_josephine
Orc:1:    nicolae_orc_accident_2, layout_diamond_mine, mines1_david
Orc:2:    grunt_orc_community_town_hall, layout_diamond_mine,
          grunt_orc_community_big_house_2, grunt_orc_community_big_house_1,
          grunt_orc_community_house_1, grunt_orc_community_house_1,
          grunt_orc_community_house_3, grunt_orc_community_house_2,
          grunt_orc_community_house_1
Elf:1:    layout_loops_ring, serial_shops, nicolae_shop_trees, minivault_28

Skill      XL: |  1  2  3  4  5  6  7  8  9 10 11 12 13 14 15 |
---------------+----------------------------------------------+-----
Long Blades    | 2 3 4 6 8 9 10 11 12 13 | 13.2
Armour         | 2 3 4 5 6 7 8 |  8.5
Slings         | 1 2 3 4 |  4.2
Invocations    | 3 4 5 6 7 8 10 11 | 11.6
Dodging        | 1 2 3 4 5 6 7 |  7.5
Fighting       | 4 5 6 7 8 9 10 11 | 11.0
Stealth        | 1 2 |  2.1
Evocations     | 2 4 5 6 |  6.9
Shields        | 3 5 6 7 |  7.5
Hexes          | 2 3 4 5 |  5.2
Necromancy     | 3 5 6 |  6.1
Spellcasting   | 2 3 |  3.9
Summonings     | 2 3 |  3.4
Crossbows      | 1 |  1.5
Throwing       | |  0.2

Action                   |  1- 3 |  4- 6 |  7- 9 | 10-12 | 13-15 || total
-------------------------+-------+-------+-------+-------+-------++-------
Melee: Falchion          |    42 |    76 |   302 |   684 |  1229 ||  2333
       Kick              |       |       |    28 |   178 |   550 ||   756
 Fire: Hunting sling     |   108 |    71 |    39 |     5 |       ||   223
       Hand crossbow     |       |       |       |       |    48 ||    48
Throw: Dart              |       |       |     3 |       |     4 ||     7
Invok: Depart the Abyss  |     1 |       |       |       |       ||     1
       Bend Space        |       |     2 |     3 |     6 |     2 ||    13
       Banish            |       |       |     3 |    12 |    15 ||    30
Evoke: Wand              |       |       |       |       |     1 ||     1
  Use: Potion            |       |     2 |     2 |     7 |     7 ||    18
       Scroll            |       |       |    10 |    12 |    11 ||    33
 Stab: Sleeping          |     1 |       |       |     1 |     2 ||     4
       Distracted        |       |       |       |       |     1 ||     1
  Eat: Chunk             |     5 |     5 |    12 |    19 |    36 ||    77
       Ration            |       |       |     1 |     4 |     3 ||     8
Armor: Leather armour    |    11 |       |       |       |       ||    11
       Ring mail         |    10 |    33 |   167 |   220 |   316 ||   746
Dodge: Dodged            |    46 |    48 |   150 |   303 |   473 ||  1020
Block: Shield            |       |       |       |   121 |   616 ||   737
       Rpst.: Falchion   |    11 |     9 |    40 |    78 |   117 ||   255
